 Dungeon Crawl Stone Soup version 0.26-a0-520-g952f204493 (webtiles) character file.

Game seed: 16703191597231499464

98 KristoblXynda the Ducker (level 4, 0/34 HPs)
             Began as a Vampire Gladiator on Aug 12, 2020.
             Was an Initiate of Gozag.
             Killed by divine providence
             ... invoked by an orc priest
              (14 damage)
             ... on level 3 of the Dungeon.
             The game lasted 00:02:37 (1867 turns).

KristoblXynda the Ducker (Vampire Gladiator)        Turns: 1867, Time: 00:02:37

Health: 0/34       AC:  4    Str: 14    XL:     4   Next: 44%
Magic:  4/4        EV: 14    Int: 10    God:    Gozag
Gold:   121        SH:  0    Dex: 15    Spells: 3/3 levels left

rFire    . . .     SeeInvis +   a - +0 long sword
rCold    . . .     Faith    .   (no shield)
rNeg     . . .     Spirit   .   j - +0 leather armour {rPois}
rPois    +         Reflect  .   c - +0 helmet
rElec    .         Harm     .   (no cloak)
rCorr    .                      (no gloves)
MR       .....                  (no boots)
Stlth    ++........             (no amulet)
HPRegen  0.31/turn              (no ring)
MPRegen  0.09/turn              (no ring)

@: gold aura, regenerating quickly
A: fangs 3, see invisible, unbreathing
a: Exsanguinate, Potion Petition, Call Merchant, Bribe Branch, Renounce Religion


You were on level 3 of the Dungeon.
You worshipped Gozag.
Gozag was aware of your devotion.
You visited 1 branch of the dungeon, and saw 3 of its levels.

You collected 172 gold pieces.
You paid 51 gold pieces to Gozag.

Inventory:

Hand Weapons
 a - a +0 long sword (weapon)
Missiles
 d - 3 throwing nets (quivered)
Armour
 c - a +0 helmet (worn)
 j - a +0 leather armour of poison resistance (worn)
Scrolls
 b - 3 scrolls of enchant armour {unknown}
 i - a scroll of amnesia {unknown}
 k - a scroll of fear {unknown}
 l - 2 scrolls of enchant weapon {unknown}
 m - a scroll of teleportation {unknown}
 o - 5 scrolls of identify {unknown}
 q - a scroll of remove curse {unknown}
Potions
 e - a potion of ambrosia {unknown}
 f - 2 potions of magic {unknown}
 g - 2 potions of flight {unknown}
 h - a potion of brilliance {unknown}
 n - a potion of stabbing {unknown}
 p - a potion of mutation {unknown}


   Skills:
 + Level 2.6 Fighting
 + Level 3.6 Long Blades
 - Level 2.0 Throwing
 + Level 4.0 Dodging
 + Level 2.3 Stealth


You had 3 spell levels left.
You didn't know any spells.
Your spell library was empty.

Dungeon Overview and Level Annotations

Branches:
Dungeon (3/15)

Altars:
Gozag
Nemelex Xobeh
Sif Muna


Innate Abilities, Weirdness & Mutations

Your natural rate of healing is unusually fast.
You have razor-sharp teeth.
You have supernaturally acute eyesight. (SInv)
You can survive without breathing.


Message History

The orc priest is severely wounded.
The orc priest hits you with a +0 short sword.
You hit the orc priest. You bite the orc priest.
The orc priest is almost dead.
The orc priest invokes the aid of Beogh against you.
Pain shoots through your body!
You closely miss the orc.
A frilled lizard comes into view.
The frilled lizard hisses angrily.
You hit the orc but do no damage.
You hear a shout!
The orc hits you but does no damage. The orc barely misses you.
You slash the orc!
You kill the orc!
The orc priest invokes the aid of Beogh against you.
Beogh smites you!
The orc priest calls down the wrath of Beogh upon you.
Beogh smites you!
You die...
Your body crumbles into a pile of gold.

########## #........#
#....<...# ##########
##......).# ##.....#...
?.........# ##..........
o$........# #...........
o......(..# #...........
....###o#####...........
) #@# #............ #.#
#............
###.####.###........
#...##.....##.......
#...#.8...8.#†..#...
#...#.......#.######
#......._.....#
#...#.......###
###.#.8...8.#


You could see an orc priest.

Vanquished Creatures
  2 worms (D:2)
  2 dart slugs
  6 orcs (D:3)
  A ball python (D:2)
  4 bats
  2 giant cockroaches (D:2)
  13 goblins
  11 hobgoblins
  10 jackals
  A quokka (D:3)
  6 frilled lizards
  8 kobolds
  7 rats
73 creatures vanquished.

Notes
Turn   | Place    | Note
-------+----------+-------------------------------------------
     0 | D:1      | KristoblXynda the Vampire Gladiator began the quest for the
                  | Orb.
     0 | D:1      | Reached XP level 1. HP: 16/16 MP: 1/1
   180 | D:1      | Reached XP level 2. HP: 22/22 MP: 2/2
   470 | D:1      | Reached XP level 3. HP: 27/27 MP: 3/3
   900 | D:1      | Reached skill level 1 in Stealth
  1378 | D:2      | Found a sparkling altar of Nemelex Xobeh.
  1471 | D:2      | Found a shimmering blue altar of Sif Muna.
  1534 | D:2      | Reached XP level 4. HP: 34/34 MP: 4/4
  1667 | D:3      | Found an opulent altar of Gozag.
  1687 | D:3      | Became a worshipper of Gozag Ym Sagoz the Greedy
  1706 | D:3      | Reached skill level 4 in Dodging
  1867 | D:3      | Killed from afar by an orc priest

Illustrated notes

Levels and vault maps discovered:
D:1:      dpeg_arrival_orchard, layout_basic
D:2:      kennysheep_the_goblin_king, layout_loops_cross, lemuel_blue_sif_altar,
          lemuel_doored_altar, kennysheep_boxes
D:3:      layout_rooms, grunt_gozag_statues, xom_teletrap_fun,
          supply_closet_lemuel

Skill      XL: |  1  2  3  4 |
---------------+-------------+-----
Fighting       | 2 |  2.6
Throwing       | 2 |  2.0
Stealth        | 1 2 |  2.3
Dodging        | 4 |  4.0
Long Blades    | |  3.6

Action                   |  1- 3 |  4- 6 || total
-------------------------+-------+-------++-------
Melee: Long sword        |   135 |    39 ||   174
       Bite              |    18 |     4 ||    22
 Stab: Sleeping          |     1 |     1 ||     2
Armor: Leather armour    |    39 |    10 ||    49
Dodge: Dodged            |    93 |    34 ||   127
       Rpst.: Long sword |    37 |    10 ||    47

Table legend: (Time is in decaauts)
 A = Elapsed time spent in this place.
 B = Non-inter-level travel time spent in this place.
 C = Inter-level travel time spent in this place.
 D = Time resting spent in this place.
 E = Time spent auto-exploring this place.
 F = Levels seen in this place.
 G = Mean time per level.
                   A        B        C        D        E       F      G
               +--------+--------+--------+--------+--------+-----+--------+
         Total |   1907 |   1859 |     48 |    100 |   1184 |   3 |  635.7 |
       Dungeon |   1907 |   1859 |     48 |    100 |   1184 |   3 |  635.7 |
               +--------+--------+--------+--------+--------+-----+--------+

Top non-repeatable levels by time:
     D:1: 1066 daAuts
     D:2: 626 daAuts
     D:3: 214 daAuts
